tikal, lawful female human Archeologist --- |..- -- --- ---- ---- ...----- |.-- |. ---..| |.(| .....-- |..---|.| |..*.| |..---- -.....| -...-|.| |....| --....-- |.....-- |....|.| --..--- ---.....| ---......|--- ---..)...| |...| |...---.--- |........--.-----....|.@@| |...-----.--- |...| |...................----..| |.....|.).| ---.----- ---.>)..)..........-- --.| --......--- ---.....-------....*.......)..-- |(| |.|....| -....%.......................-- -.| |.--..)| |.......---.--------..---....-- . |......| --......| |...| ---- |....| . --..----- ----..-- |...| --..-- . ----...| |.-- |..-- .... . |.....-| --- --.. --..-- ... |.....<| --- .... ... --.|...| .... ... ----.-- --..-- .--- --- ---- -- tikal the Investigator Experience level: 6 Strength: 15 Dexterity: 11 Constitution: 14 Intelligence: 18 Wisdom: 12 Charisma: 10 Health: 0(38) Energy: 25(25) Def: 2 Gold: 561 Moves: 2954 Dungeon seed: n5zd7DOMFNp9oFAi Game ID: tikal_1579068913 Your Inventory: Coins $ - 561 gold pieces Weapons a - a +2 bullwhip m - a +0 sling (alternate weapon; not wielded) C - 2 +0 darts (in quiver) S - a cursed -1 dart Armor e - an uncursed +0 leather jacket (being worn) n - an uncursed +0 fedora (being worn) y - an uncursed +0 orcish helm z - an uncursed +0 pair of leather gloves (being worn) R - an uncursed +0 orcish helm Comestibles T - an uncursed lichen corpse Scrolls l - an uncursed scroll of destroy armor F - an uncursed scroll of enchant armor I - an uncursed scroll of identify K - an uncursed scroll of confuse monster Q - 4 uncursed scrolls of blank paper Potions o - a cursed potion of fruit juice D - a cursed potion of speed Rings M - an uncursed ring of fire resistance Tools c - a +0 pick-axe (weapon in hand) f - an uncursed sack g - an uncursed oil lamp (0:1080) s - an uncursed stethoscope H - an uncursed lock pick O - 7 uncursed tallow candles (0:200) Gems q - an uncursed touchstone N - an uncursed worthless piece of violet glass Y - an uncursed luckstone Contents of the sack: 2 uncursed cram rations 6 uncursed food rations an uncursed lembas wafer an uncursed tin of coyote meat an uncursed tripe ration Spells and supernatural/magical abilities: Name Level Category Fail Memory W - pray for help -- divine ? -- Your skills at the end: Fighting Skills Weapon Skills pick-axe [Skilled] whip [Basic] Spellcasting Skills Final Attributes: You were piously aligned. You were stealthy. You were a wererat. You were fast. You were lucky. You had extra luck. Bad luck did not time out for you. Good luck did not time out for you. You are dead. Vanquished creatures: a rock mole 2 fog clouds a shrieker 5 gnome lords a gnomish wizard a paper golem a kitten 3 hill orcs a giant bat an orc zombie a wererat a werejackal 2 iguanas 2 coyotes a hobbit 2 large kobolds 2 cave spiders a red mold 6 gnomes 2 geckos 6 jackals 3 foxes a goblin 2 sewer rats 2 grid bugs 2 bats 8 lichens 3 newts 64 creatures vanquished. Voluntary challenges: You were an atheist. You used a wielded weapon 142 times, starting on turn 83. You read items or engraved 32 times, starting on turn 343. You never genocided any monsters. You never polymorphed an object. You never changed form. You used no wishes. You never split a pudding. You wrote Elbereth's name 18 times, starting on turn 343. You never violated your personal moral code. Dungeon overview: The Dungeons of Doom: levels 1 to 5 Level 1 a long staircase Level 2 a fountain Level 3 a general store stairs to The Gnomish Mines Level 4 a general store, a fountain Level 5 The Gnomish Mines: Level 4 <- You were here stairs to The Dungeons of Doom History has recorded: On T:1 you entered the Dungeons of Doom to retrieve the Amulet of Yendor! On T:330 you reached level 2 of The Dungeons of Doom. On T:615 you advanced to experience level 2. On T:865 you reached level 3 of The Dungeons of Doom. On T:1159 you advanced to experience level 3. On T:1274 you reached level 1 of The Gnomish Mines. On T:1346 you advanced to experience level 4. On T:1606 you reached level 4 of The Dungeons of Doom. On T:1708 you reached level 5 of The Dungeons of Doom. On T:1933 you advanced to experience level 5. On T:2686 you advanced to experience level 6. Score breakdown: Gold: 561 ( 9353 points) Experience: 6 levels (12456 points) Exploration: 5 levels ( 10.64%) ( 8846 points) Discoveries: 7 items ( 2.36%) ( 4605 points) Valuables value: (no points given unless you survive) Artifact value: 0 ( 0 points) Variety of kills: 28 monsters ( 7.35%) ( 8132 points) Turncount: 2954 turns ( -577 points) Survival: died (score multiplied by 80%) Total score: 34252 Latest messages: The dart misses the wererat. You hit the wererat. The wererat bites! Status of the wererat (chaotic): Level 2 HP 7(10) Def 4. You write in the dust with your fingers. The wererat changes into a human. The wererat just misses! You add to the writing in the dust with your fingers. (2x) The wererat hits! You hit the wererat. The wererat hits! Status of the wererat (chaotic): Level 2 HP 9(10) Def 0. Something is written here in the dust. You read: "|l|e?eSh?lber`thElbcre?h". You see no objects here. You add to the writing in the dust with your fingers. Something is written here in the dust. You read: "|l|e?eSh?lber`thElbcre?hElberet-". You see no objects here. You add to the writing in the dust with your fingers. The wererat hits! You die... Final status: Goodbye tikal the Archeologist, killed by a wererat... You died in The Gnomish Mines on dungeon level 4 with 34252 points, and 561 pieces of gold, after 2954 moves. You were level 6 with a maximum of 38 hit points when you died.